Map: Berlingrad LE

Players

CareAgain - Winner!

  • Race: Zerg Zerg
  • League: Master
  • Spawn Location: 11:00

KriXuS

  • Race: Terran Terran
  • League: Master
  • Spawn Location: 5:00

VOD

Have the link to the VOD?

Description

Time

  • Played on: July 2, 2022, 4:42 p.m.
  • Length: 9:29
Show
View Real Time Build Order
Export as new Build Order

CareAgain Zerg - Winner!

Build Orders: Hatch First 

Get SALT Encoding   

  12  0:00  Drone  
  13  0:16  Overlord  
  13  0:17  Drone  
  14  0:35  Drone  
  14  0:36  Drone  
  16  0:52  Hatchery  
  16  0:54  Drone  
  16  0:56  Drone  
  17  0:59  Drone  
  18  1:10  Extractor  
  17  1:15  Spawning Pool  
  16  1:20  Drone  
  16  1:21  Drone  
  18  1:33  Drone  
  19  1:46  Drone  
  20  1:53  Drone  
  21  2:04  Queen x2  
  21  2:05  Zergling x4  
  27  2:20  Hatchery  
  27  2:22  Drone x2  
  28  2:27  Overlord  
  27  2:52  Queen  
  27  2:54  Drone x5  
  27  2:58  Drone  
  35  2:59  Metabolic Boost  
  35  3:05  Overlord  
  35  3:16  Drone  
  36  3:24  Overlord  
  36  3:26  Zergling x2  
  36  3:27  Zergling x6  
  40  3:31  Queen  
  40  3:33  Queen  
  44  3:35  Drone x2  
  44  3:40  Drone  
  47  3:49  Drone x3  
  50  3:59  Drone x6  
  56  4:05  Drone x2  
  58  4:11  Evolution Chamber  
  57  4:23  Overlord x3  
  57  4:31  Drone  
  58  4:33  Overlord x2  
  57  4:42  Drone x10  
  57  4:43  Extractor, Evolution Chamber  
  65  4:47  Spore Crawler  
  65  4:49  Drone  
  65  5:02  Drone x9  
  65  5:05  Hatchery  
  73  5:08  Zerg Melee Weapons Level 1  
  73  5:13  Baneling Nest  
  72  5:16  Overlord  
  72  5:17  Overlord  
  72  5:29  Extractor, Drone x3  
  72  5:30  Extractor  
  72  5:31  Zergling x8  
  77  5:38  Zerg Ground Armor Level 1  
  77  5:41  Drone x6, Spore Crawler  
  82  5:43  Hatchery  
  82  5:44  Drone x2  
  82  5:46  Zergling x2  
  84  5:52  Overlord x3  
  83  5:59  Zergling x4  
  85  6:04  Overlord  
  85  6:05  Overlord  
  85  6:07  Lair  
  85  6:10  Drone  
  86  6:20  Zergling x8  
  86  6:22  Hatchery  
  89  6:25  Zergling x4  
  91  6:33  Zergling x6  
  91  6:36  Overlord  
  94  6:40  Overlord x2  
  94  6:49  Zergling x14  
  100  7:00  Zergling x2  
  100  7:01  Zergling x12  
  107  7:05  Drone  
  107  7:07  Spore Crawler, Zergling x12  
  113  7:15  Centrifugal Hooks  
  111  7:18  Overseer  
  111  7:20  Overlord  
  111  7:21  Overlord x3  
  111  7:22  Zergling x8  
  115  7:24  Baneling x19  
  115  7:26  Drone x3  
  115  7:28  Drone x3  
  119  7:37  Drone x9  
  119  7:42  Zergling x6  
  119  7:43  Baneling x11  
  131  7:44  Queen  
  131  7:49  Zergling x8  
  134  8:02  Queen x3  
  134  8:03  Queen x2  
  144  8:07  Zergling x12  
  144  8:08  Zergling x2  
  146  8:18  Zergling x14  
  146  8:19  Zergling x12  
  151  8:30  Zergling x14  
  147  8:41  Zergling x16  
  142  8:45  Zergling x10  
  144  8:49  Zergling x6  
  144  8:56  Zergling x12  
  144  9:02  Zergling x12  
  152  9:11  Zergling x10  
Show
View Real Time Build Order
Export as new Build Order

KriXuS Terran 

Build Orders: Reaper Expand, Mech 

Get SALT Encoding   

  12  0:02  SCV  
  13  0:14  SCV  
  13  0:18  Supply Depot  
  14  0:26  SCV  
  15  0:40  SCV  
  15  0:42  Barracks  
  16  0:47  Refinery  
  16  0:53  SCV  
  17  1:06  SCV  
  18  1:18  SCV  
  19  1:31  Reaper, Orbital Command  
  20  1:44  Command Center  
  20  1:54  Supply Depot  
  20  1:57  SCV  
  21  2:02  Marine  
  22  2:15  SCV  
  22  2:18  Factory  
  23  2:25  Barracks Reactor  
  23  2:35  SCV  
  24  2:46  Command Center  
  24  2:47  SCV  
  25  2:57  Orbital Command  
  25  2:59  SCV  
  26  3:08  Hellion x2  
  26  3:10  Barracks Tech Lab  
  26  3:11  SCV  
  31  3:20  Refinery  
  31  3:23  SCV  
  31  3:24  SCV  
  33  3:31  Marine  
  33  3:32  Stimpack  
  34  3:36  Hellion x2  
  38  3:45  SCV x2  
  40  3:50  Barracks  
  40  3:51  Barracks  
  40  3:57  SCV  
  40  3:58  Refinery, Orbital Command  
  40  4:00  SCV  
  42  4:09  SCV  
  43  4:10  Factory Reactor  
  43  4:11  Refinery  
  43  4:12  SCV, Refinery  
  44  4:19  Supply Depot  
  44  4:20  Marine  
  44  4:21  SCV  
  46  4:24  SCV  
  46  4:27  SCV, Starport  
  48  4:33  SCV  
  48  4:36  SCV  
  50  4:39  SCV  
  52  4:45  SCV  
  52  4:49  SCV, Marine  
  52  4:51  SCV  
  55  4:56  Marine x2  
  55  4:57  SCV  
  55  4:58  Marine x2, Factory Reactor  
  60  5:01  SCV  
  60  5:03  SCV  
  62  5:07  Marine  
  62  5:09  SCV  
  62  5:12  Supply Depot  
  62  5:13  SCV, Supply Depot  
  62  5:14  Supply Depot, Combat Shield, Marine  
  65  5:17  Marine  
  68  5:26  Orbital Command  
  67  5:34  Barracks x2  
  67  5:35  Engineering Bay x2  
  67  5:37  SCV x2  
  69  5:43  Supply Depot, Marine  
  69  5:44  Marine  
  69  5:48  Medivac x2  
  69  5:49  SCV x2  
  77  5:56  Marine x2  
  79  5:57  SCV  
  79  5:59  Marine  
  79  6:01  SCV x2  
  79  6:02  Marine x2  
  85  6:04  Factory Tech Lab  
  85  6:06  Terran Infantry Weapons Level 1  
  85  6:08  Terran Infantry Armor Level 1  
  85  6:09  SCV  
  85  6:13  SCV  
  85  6:17  Marine x2  
  85  6:18  Marine  
  89  6:20  SCV  
  89  6:24  Barracks Reactor x2  
  90  6:25  Marine  
  91  6:33  Marine  
  91  6:34  Siege Tank  
  91  6:36  Marine x3  
  98  6:43  Marine  
  98  6:51  Marine  
  99  6:54  Marine x3  
  99  6:55  Factory  
  99  6:59  SCV x2  
  101  7:01  Factory  
  101  7:06  Marine  
  101  7:08  Marine, Refinery  
  101  7:13  Refinery  
  101  7:18  Supply Depot  
  101  7:19  Armory  
  101  7:20  Supply Depot x2  
  101  7:21  Command Center  
  101  7:26  SCV x3, Marine x9  
  110  7:38  SCV x3  
  110  7:44  Marine x9  
  107  7:47  Barracks  
  107  7:49  Medivac, Barracks x2  
  107  7:50  SCV x3, Medivac  
  123  7:52  Factory Reactor  
  123  7:54  Factory Tech Lab  
  123  8:01  Marine x2  
  123  8:03  SCV x3  
  128  8:08  Marine  
  128  8:09  Marine x6  
  135  8:15  SCV x3  
  135  8:19  Marine x2  
  140  8:26  Marine  
  140  8:27  SCV x2, Marine x2  
  137  8:33  SCV  
  122  8:35  Marine  
  97  8:46  Marine x2  
  97  8:47  Marine  
  92  8:49  Marine x5  
  92  8:52  Marine  
  88  9:04  Marine x3  
  88  9:07  Marine x5  
  88  9:10  Marine  
Tags
 
Add a new tag
Caveats
  • Supply blocks, unpowered buildings, or Contaminate may cause inaccurate times.
  • Supply counts are checked every 10 seconds.